 Dungeon Crawl Stone Soup version 0.20-a0-850-ge5a7832 (webtiles) character file.

86 Da5id the Cutter (level 4, -2/35 HPs)
             Began as a Demonspawn Monk on Mar 10, 2017.
             Slain by a worker ant (6 damage)
             ... on level 4 of the Dungeon.
             The game lasted 00:03:45 (2071 turns).

Da5id the Cutter (Demonspawn Monk)                  Turns: 2071, Time: 00:03:45

Health: -2/35      AC:  4    Str: 12    XL:     4   Next: 26%
Magic:  4/4        EV: 13    Int: 11    God:
Gold:   90         SH:  0    Dex: 16    Spells: 3/3 levels left

rFire    . . .     SeeInvis .   a - +0 short sword
rCold    . . .     Gourm    .   b - +0 robe
rNeg     . . .     Faith    .   (no shield)
rPois    .         Spirit   .   (no helmet)
rElec    .         Reflect  .   (no cloak)
rCorr    .         Harm     .   (no gloves)
MR       .....                  (no boots)
Stlth    +++.......             (no amulet)
Regen    0.2/turn               (no ring)
MPRegen  0.1/turn               (no ring)

@: lethally poisoned (-2 -> -4)
A: thin metallic scales 1, demonic guardian 1, nightstalker 1
a: no special abilities


You were on level 4 of the Dungeon.
You were not hungry.

You visited 1 branch of the dungeon, and saw 4 of its levels.

You collected 90 gold pieces.

Inventory:

Hand Weapons
 a - a +0 short sword (weapon)
Armour
 b - a +0 robe (worn)
Scrolls
 e - 3 scrolls of identify {unknown}
 g - a scroll of teleportation {unknown}
 j - a scroll of remove curse {unknown}
 m - a scroll of fear {unknown}
 o - a scroll of recharging {unknown}
Potions
 d - 2 potions of ambrosia {unknown}
 f - a potion of haste {unknown}
 h - a potion of might {unknown}
 l - a potion of flight {unknown}
 n - 2 potions of heal wounds {unknown}
Comestibles
 c - 2 bread rations
 i - 2 meat rations
 k - a royal jelly
 p - 4 chunks of flesh


   Skills:
 - Level 3.0 Fighting
 + Level 4.6 Short Blades
 - Level 2.6 Dodging
 + Level 1.8 Stealth


You had 3 spell levels left.
You didn't know any spells.

Dungeon Overview and Level Annotations

Branches:
Dungeon (4/15)
 Temple: D:4-7

Altars:
Vehumet

Annotations:
D:3 Natasha
D:4 Buane's ghost, amateur DsGl


Innate Abilities, Weirdness & Mutations

You are partially covered in thin metallic scales. (AC +2)
A weak demonic guardian rushes to your aid.
You are slightly more attuned to the shadows.


Message History

There is a stone staircase leading up here.
The kobold hits you but does no damage.
You feel sick.
Natasha hisses angrily.
There is a stone staircase leading down here.
You feel sick. The kobold completely misses you.
Your quasit barely misses the kobold.
Your quasit claws the kobold.
Your quasit closely misses the kobold.
Natasha claws your quasit but does no damage.
You climb downwards.
A worker ant, a player ghost and a skeleton come into view.
There is a stone staircase leading up here.
A worker ant comes into view.
The kobold hits you but does no damage.
The worker ant twitches its antennae in your direction.
Buane's ghost turns its malevolent gaze towards you.
The kobold barely misses you. The worker ant misses you.
A giant cockroach comes into view.
You feel sick. The worker ant bites you.
You die...

#######
#.....#
#....W#
#...Z.#
#...<.#
#....K#
#..a..#
###.@##
#.....#
#.###..#
#a .# #.
.# #. #
#s


You could see 2 worker ants, Buane's ghost, a giant cockroach (sleeping), a
kobold and a jackal skeleton.

Vanquished Creatures
  2 gnolls (D:2)
  3 adders (D:2)
  An ooze (D:1)
  2 dart slugs (D:1)
  3 bats
  A giant cockroach (D:1)
  9 goblins
  2 hobgoblins (D:1)
  3 kobolds
  2 quokkas (D:2)
  A frilled lizard (D:2)
  3 rats
  A plant (D:2)
33 creatures vanquished.

Notes
Turn   | Place    | Note
-------+----------+-------------------------------------------
     0 | D:1      | Da5id the Demonspawn Monk began the quest for the Orb.
     0 | D:1      | Reached XP level 1. HP: 18/18 MP: 1/1
    66 | D:1      | Reached skill level 3 in Short Blades
    76 | D:1      | Gained mutation: You are partially covered in thin metallic scales. (AC +2) [demonic ancestry]
    76 | D:1      | Reached XP level 2. HP: 18/24 MP: 2/2
  1047 | D:2      | Gained mutation: A weak demonic guardian rushes to your aid. [demonic ancestry]
  1047 | D:2      | Reached XP level 3. HP: 24/29 MP: 3/3
  1058 | D:2      | Reached skill level 4 in Short Blades
  1571 | D:2      | Found a radiant altar of Vehumet.
  1838 | D:2      | Gained mutation: You are slightly more attuned to the shadows. [demonic ancestry]
  1838 | D:2      | Reached XP level 4. HP: 19/35 MP: 4/4
  2061 | D:3      | Noticed Natasha
  2068 | D:4      | Noticed Buane's ghost (amateur DsGl)
  2071 | D:4      | Slain by a worker ant

Vault maps used:
D:1:      zelgadis_glass_arrival_small
D:2:      wad_woods_stonehenge, first_bread
D:3:      uniq_natasha
D:4:      lemuel_crystal_altar, eino_small_chamber_without_monster

Skill      XL: |  1  2  3 |
---------------+----------+-----
Short Blades   | 3 4 |  4.6
Fighting       | |  3.0
Dodging        | |  2.6
Stealth        | |  1.8

Action                   |  1- 3 |  4- 6 || total
-------------------------+-------+-------++-------
Melee: Short sword       |   136 |    23 ||   159
 Stab: Sleeping          |     6 |       ||     6
  Eat: Chunk             |     3 |     1 ||     4
Armor: Robe              |    19 |     8 ||    27
Dodge: Dodged            |    71 |    19 ||    90
